 Dungeon Crawl Stone Soup version 0.29-a0-1-gf2d273c862 (console) character file.

Game seed: 3896050841973364049

111 Cab the Chopper (level 4, -2/35 HPs)
             Began as a Demonspawn Fighter on Jan 26, 2022.
             Slain by an ice beast (7 damage)
             ... on level 3 of the Dungeon.
             The game lasted 00:05:57 (3116 turns).

Cab the Chopper (Demonspawn Fighter)                Turns: 3116, Time: 00:06:00

Health: -2/35      AC: 12    Str: 19    XL:     4   Next: 62%
Magic:  13/13      EV:  9    Int:  9    God:
Gold:   76         SH:  4    Dex: 12    Spells: 3/3 levels left

rFire   . . .      SeeInvis .   a - +0 war axe
rCold   . . .      Faith    .   c - +0 buckler
rNeg    . . .      Spirit   .   b - +0 scale mail
rPois   .          Reflect  .   (no helmet)
rElec   .          Harm     .   (no cloak)
rCorr   .          Rampage  .   (no gloves)
Will    .....                   (no boots)
Stlth   ..........              (no amulet)
HPRegen 0.11/turn               l - ring of magical power
MPRegen 0.13/turn               (no ring)

@: sanguine armoured
A: powered by death 1, sanguine armour 1
a: no special abilities


You were on level 3 of the Dungeon.
You visited 1 branch of the dungeon, and saw 3 of its levels.

You collected 76 gold pieces.

Inventory:

Hand Weapons
 a - a +0 war axe (weapon)
Armour
 b - a +0 scale mail (worn)
 c - a +0 buckler (worn)
Jewellery
 l - a ring of magical power (left hand)
Scrolls
 e - 2 scrolls of teleportation {unknown}
 i - 5 scrolls of identify {unknown}
Potions
 d - 2 potions of might
 f - a potion of haste {unknown}
 g - 3 potions of flight {unknown}
 h - a potion of curing {unknown}
 j - a potion of berserk rage {unknown}
 k - 2 potions of heal wounds {unknown}


   Skills:
 - Level 3.0 Fighting
 + Level 4.5 Axes
 - Level 2.6 Armour
 - Level 2.6 Shields


You had 3 spell levels left.
You didn't know any spells.
Your spell library contained the following spells:

 Spells                   Type           Power      Damage    Failure   Level
 Animate Skeleton         Necr           0%         N/A       86%         1
 Apportation              Tloc           0%         N/A       86%         1
 Beastly Appendage        Tmut           0%         N/A       86%         1
 Summon Small Mammal      Summ           0%         N/A       86%         1
 Wereblood                Tmut           0%         N/A       94%         2
 Spider Form              Tmut/Pois      0%         N/A       99%         3


Dungeon Overview and Level Annotations

Branches:
Dungeon (3/15)

Altars:

Shops:
D:1 [


Innate Abilities, Weirdness & Mutations

You regenerate a little health from kills.
When seriously injured, your blood forms armour. (AC +6)


Message History

No reachable target in view!
You hear the slow rusting of a distant drain.
You hear the slow rusting of a distant drain.
HP restored.
Found a stone staircase leading down.
There is a stone staircase leading down here.
You hear the rusting of a distant drain.
Found a stone staircase leading down.
Found a stone staircase leading up.
Found an escape hatch in the ceiling.
You hear the rusting of a drain very nearby.
An ice beast comes into view.
The ice beast hits you but does no damage.
You hit the ice beast but do no damage. The ice beast hits you.
The ice beast freezes you.
You barely miss the ice beast. You block the ice beast's attack.
You barely miss the ice beast.
The ice beast hits you but does no damage.
The ice beast barely misses you.
You barely miss the ice beast.
The ice beast hits you but does no damage.
You closely miss the ice beast. The ice beast hits you.
The ice beast freezes you!
Your blood congeals into armour.
You slash the ice beast!
The ice beast is moderately wounded.
You block the ice beast's attack. The ice beast barely misses you.
You closely miss the ice beast.
The ice beast is moderately wounded.
The ice beast closely misses you.
You barely miss the ice beast.
The ice beast is moderately wounded.
The ice beast hits you. The ice beast freezes you!
* * * LOW HITPOINT WARNING * * *
You slash the ice beast!
The ice beast is heavily wounded.
You hear the brisk rusting of a drain.
The ice beast hits you.
* * * LOW HITPOINT WARNING * * *
The ice beast freezes you!
You die...

▒∙▒▒∙▒∙▒▒▒▒▒▒▒▒▒▒▒▒▒
▒∙▒▒∙▒∙▒∙∙∙∙∙∙∙∙∙∙∙▒
▒∙▒▒∙▒∙▒∙▒▒∙▒▒∙▒▒▒∙▒
▒∙▒▒▒▒▒∙▒▒∙▒∙▒∙▒▒∙▒▒∙▒
▒∙▒
▒∙∙∙∙∙∙∙∙∙∙∙∙∙∙∙∙∙▒▒<▒
▒∙▒
∙▒▒▒▒▒▒∙∙∙∙∙∙▒∙▒▒▒▒▒∙▒
▒∙▒ ▒▒▒▒∙▒▒▒∙▒▒▒▒▒∙▒
▒∙∙ ▒∙∙∙∙∙∙∙∙∙∙∙∙▒ ▒∙∙
▒@▒▒▒▒▒▒∙▒▒▒▒▒ ▒∙▒
∙∙∙∙∙∙Y∙▒ ▒∙▒ ▒∙▒
∙∙▒▒▒▒▒∙▒ ▒▒∙▒▒ ▒∙▒
∙∙∙ ▒∙∙∙▒ ▒∙▒ ∙∙▒
▒▒∙∙▒▒▒▒▒▒∙▒ ▒∙∙▒
▒∙∙∙∙∙∙∙∙∙▒ ▒∙∙▒
▒∙▒▒▒▒▒▒▒▒▒ ▒∙∙▒
▒▒∙∙∙∙<∙∙∙∙▒
▒∙∙∙∙▒▒▒▒▒∙▒


You could see an ice beast.

Vanquished Creatures
  6 adders (D:2)
  5 dart slugs
  3 ball pythons
  7 endoplasms (D:1)
  7 goblins
  4 hobgoblins
  4 kobolds
  5 quokkas
  A bat (D:1)
  3 rats
45 creatures vanquished.

Notes
Turn   | Place    | Note
-------+----------+-------------------------------------------
     0 | D:1      | Cab the Demonspawn Fighter began the quest for the Orb.
     0 | D:1      | Reached XP level 1. HP: 18/18 MP: 1/1
    19 | D:1      | Reached skill level 2 in Axes
   581 | D:1      | Gained mutation: When seriously injured, your blood forms
                  | armour. (AC +6) [demonic ancestry]
   581 | D:1      | Reached XP level 2. HP: 20/24 MP: 2/2
   655 | D:1      | Found Ubuhacs's Antique Armour Shoppe.
  1016 | D:1      | Reached skill level 3 in Axes
  1233 | D:1      | Reached XP level 3. HP: 29/29 MP: 3/3
  2175 | D:2      | Gained mutation: You regenerate a little health from kills.
                  | [demonic ancestry]
  2175 | D:2      | Reached XP level 4. HP: 19/35 MP: 4/4
  2326 | D:2      | Reached skill level 4 in Axes
  3106 | D:3      | Noticed an ice beast
  3116 | D:3      | Slain by an ice beast

Illustrated notes

Levels and vault maps discovered:
D:1:      minmay_arrival_semitransparent, layout_loops_cross, serial_shops, shop
D:2:      layout_loops_ring
D:3:      kennysheep_slugbush, layout_loops_ring, bloody_makhleb,
          grunt_gozag_statues, gup_sewer_entry_bowl,
          nicolae_ecumenical_oubliette

Skill      XL: |  1  2  3  4 |
---------------+-------------+-----
Axes           | 2 3 4 |  4.5
Fighting       | |  3.0
Armour         | |  2.6
Shields        | |  2.6

Action                   |  1- 3 |  4- 6 || total
-------------------------+-------+-------++-------
Melee: War axe           |   130 |    45 ||   175
Armor: Scale mail        |    69 |    47 ||   116
Dodge: Dodged            |    63 |    22 ||    85
Block: Buckler           |    21 |    12 ||    33

Table legend: (Time is in decaauts)
 A = Elapsed time spent in this place.
 B = Non-inter-level travel time spent in this place.
 C = Inter-level travel time spent in this place.
 D = Time resting spent in this place.
 E = Time spent auto-exploring this place.
 F = Levels seen in this place.
 G = Mean time per level.
                   A        B        C        D        E       F      G
               +--------+--------+--------+--------+--------+-----+--------+
         Total |   3185 |   3120 |     65 |    414 |   2085 |   3 | 1061.7 |
       Dungeon |   3185 |   3120 |     65 |    414 |   2085 |   3 | 1061.7 |
               +--------+--------+--------+--------+--------+-----+--------+

Top non-repeatable levels by time:
     D:2: 1498 daAuts
     D:1: 1333 daAuts
     D:3: 354 daAuts
